 Dungeon Crawl Stone Soup version 0.22.1-2-g9c5b331 (webtiles) character file.

170 Heatsaber the Cutter (level 5, -5/27 HPs)
             Began as a Vine Stalker Skald on Dec 30, 2018.
             Was a Follower of Elyvilon.
             Killed by nerve-wracking pain
             ... invoked by Menkaure
              (11 damage)
             ... on level 3 of the Dungeon.
             The game lasted 00:20:00 (3499 turns).

Heatsaber the Cutter (Vine Stalker Skald)           Turns: 3499, Time: 00:20:02

Health: -5/27      AC:  6    Str: 15    XL:     5   Next: 51%
Magic:  0/10       EV: 15    Int: 13    God:    Elyvilon [*.....]
Gold:   145        SH:  0    Dex: 15    Spells: 5/10 levels left

rFire    + . .     SeeInvis .   a - +0 short sword
rCold    + . .     Gourm    .   (no shield)
rNeg     . . .     Faith    .   f - +0 ring mail
rPois    .         Spirit   +   (no helmet)
rElec    .         Reflect  .   q - scarf {rC+ rF+}
rCorr    .         Harm     .   (no gloves)
MR       .....                  t - +0 pair of boots
Stlth    +.........             (no amulet)
HPRegen  0.49/turn              v - +4 ring of evasion
MPRegen  0.12/turn              i - +2 ring of dexterity (curse)

@: singing, very slightly contaminated
A: fangs 2, regeneration 1, magic shield, antimagic bite, no potion heal 3, rot
immunity
a: Lesser Healing, Divine Protection, Renounce Religion


You were on level 3 of the Dungeon.
You worshipped Elyvilon.
Elyvilon was aware of your devotion.
You were hungry.

You visited 1 branch of the dungeon, and saw 3 of its levels.

You collected 145 gold pieces.

Inventory:

Hand Weapons
 a - a +0 short sword (weapon)
Missiles
 s - 12 poisoned needles
Armour
 b - a +0 leather armour
 c - a +0 chain mail
 f - a +0 ring mail (worn)
 q - a scarf of resistance (worn)
 t - a +0 pair of boots (worn)
Jewellery
 g - an uncursed ring of flight
 i - a cursed +2 ring of dexterity (right hand)
 k - an uncursed ring of see invisible
 v - a +4 ring of evasion (left hand)
Scrolls
 j - 2 scrolls of noise
 l - a scroll of enchant armour {unknown}
 o - 3 scrolls of teleportation {unknown}
 p - 2 scrolls of identify {unknown}
 u - 4 scrolls of fog {unknown}
Potions
 e - a potion of curing
 h - a potion of flight {unknown}
 m - a potion of ambrosia {unknown}
 n - a potion of mutation {unknown}
Comestibles
 d - 6 rations


   Skills:
 + Level 2.6 Fighting
 * Level 3.7 Short Blades
 + Level 1.8 Armour
 - Level 1.5 Dodging
 - Level 3.0 Spellcasting
 - Level 3.0 Charms


You had 5 spell levels left.
You knew the following spells:

 Your Spells              Type           Power        Failure   Level  Hunger
a - Infusion              Chrm           #...         13%         1    #......
b - Shroud of Golubria    Chrm/Tloc      #.........   34%         2    ###....
c - Song of Slaying       Chrm           #.......     19%         2    ###....

Your spell library contained the following spells:

 Spells                   Type           Power        Failure   Level  Hunger
 Regeneration             Chrm/Necr      #.........   56%         3    ###....
 Spectral Weapon          Hex/Chrm       #.......     56%         3    ###....


Dungeon Overview and Level Annotations

Branches:
Dungeon (3/15)

Altars:
Dithmenos
Elyvilon
Hepliaklqana
Kikubaaqudgha
Qazlal
Yredelemnul

Annotations:
D:2 Jessica
D:3 1 transporter, Menkaure


Innate Abilities, Weirdness & Mutations

You have extremely sharp teeth.
Your natural rate of healing is unusually fast.
When hurt, damage is shared between your health and your magic reserves.
Your bite disrupts and absorbs the magic of your enemies.
Potions cannot restore your health.
You are immune to rotting.


Message History

Menkaure gestures wildly while chanting.
Menkaure seems to speed up.
The hound skeleton misses you.
You hit the hound skeleton.
You destroy the hound skeleton!
The worker ant zombie completely misses you.
You hit the worker ant zombie.
The worker ant zombie is moderately damaged.
Your shroud unravels.
You are no longer magically infusing your attacks.
Menkaure points at you and mumbles some strange words.
Pain shoots through your body!
* * * LOW HITPOINT WARNING * * *
The worker ant zombie misses you.
Unknown command.
You hit the worker ant zombie but do no damage.
You bite the worker ant zombie. You drain its power.
You feel invigorated.
The worker ant zombie is moderately damaged.
Menkaure gestures at you while chanting.
Pain shoots through your body!
You die...

#.................###.####
#.#####.........#..>..####
#.#...............##......
#.#.#############.##...###
#.#.#..........©#......###
#.#.#..........(#.##......
#.#.#..###.###.$#.#....###
#.#.#..#8#.#8#._#.#.####
#...#...M@.....)#...#
#..©#...Z.©....⌠#©..#
##(.#..........$#..##
##.#..#8#.#8#._#.##
#.#..###.###.$#.#
#.#..........}#.#
#.#...........#.#
#.#############.#
#...............#


You could see Menkaure and a worker ant zombie.

Vanquished Creatures
  An orc priest (D:3)
  An orc wizard (D:3)
  A hound skeleton (D:3)
  2 adders
  An ooze (D:3)
  2 worms
  2 dart slugs
  3 leopard geckos
  6 orcs
  3 ball pythons
  4 giant cockroaches
  3 goblins
  3 hobgoblins
  5 jackals
  2 quokkas
  9 bats
  3 frilled lizards (D:1)
  3 kobolds
  5 rats
59 creatures vanquished.

Notes
Turn   | Place    | Note
-------+----------+-------------------------------------------
     0 | D:1      | Heatsaber the Vine Stalker Skald began the quest for the
                  | Orb.
     0 | D:1      | Reached XP level 1. HP: 11/11 MP: 4/4
     2 | D:1      | Noticed a felid
     2 | D:1      | Noticed an elf
     4 | D:1      | Noticed a centaur
     4 | D:1      | Noticed a draconian
     6 | D:1      | Noticed a spriggan
     6 | D:1      | Noticed a demonspawn
     8 | D:1      | Noticed a halfling
     8 | D:1      | Noticed an octopode
    10 | D:1      | Noticed a vampire
    10 | D:1      | Noticed a minotaur
    12 | D:1      | Noticed a troll
    14 | D:1      | Noticed a merfolk
    14 | D:1      | Noticed a human
    18 | D:1      | Noticed a demigod
    20 | D:1      | Noticed a vine stalker
    20 | D:1      | Noticed a gargoyle
    22 | D:1      | Noticed a formicid
    22 | D:1      | Noticed a dwarf
    25 | D:1      | Noticed a naga
    25 | D:1      | Noticed an ogre
    27 | D:1      | Noticed a ghoul
    27 | D:1      | Noticed a tengu
   114 | D:1      | Reached skill level 1 in Armour
   127 | D:1      | Reached XP level 2. HP: 7/15 MP: 4/6
   131 | D:1      | Learned a level 2 spell: Shroud of Golubria
   923 | D:1      | Reached XP level 3. HP: 18/18 MP: 8/8
   927 | D:1      | Learned a level 2 spell: Song of Slaying
  1166 | D:2      | Noticed Jessica
  2454 | D:2      | Found a white marble altar of Elyvilon.
  2457 | D:2      | Became a worshipper of Elyvilon the Healer
  2546 | D:3      | Found a shadowy altar of Dithmenos.
  2563 | D:3      | Found a stormy altar of Qazlal.
  2604 | D:3      | Gained mutation: Your natural rate of healing is unusually
                  | fast. [Vine Stalker growth]
  2604 | D:3      | Reached XP level 4. HP: 23/23 MP: 5/9
  2735 | D:3      | Found a hazy altar of Hepliaklqana.
  2967 | D:3      | Reached XP level 5. HP: 15/27 MP: 4/10
  3161 | D:3      | Found a transporter.
  3164 | D:3      | Found an ancient bone altar of Kikubaaqudgha.
  3165 | D:3      | Reached * piety under Elyvilon
  3169 | D:3      | Noticed Menkaure
  3175 | D:3      | Found a basalt altar of Yredelemnul.
  3340 | D:3      | Found a transporter.
  3499 | D:3      | Killed from afar by Menkaure

Skill      XL: |  1  2  3  4 |
---------------+-------------+-----
Armour         | 1 |  1.8
Short Blades   | 2 3 |  3.7
Spellcasting   | 3 |  3.0
Fighting       | 2 |  2.6
Dodging        | |  1.5
Charms         | |  3.0

Action                   |  1- 3 |  4- 6 || total
-------------------------+-------+-------++-------
Melee: Short sword       |   121 |    89 ||   210
       Bite              |    21 |    25 ||    46
 Cast: Infusion          |     9 |     6 ||    15
       Shroud of Golubri |     4 |     6 ||    10
       Song of Slaying   |       |     3 ||     3
  Use: Scroll            |     2 |     1 ||     3
       Potion            |     1 |       ||     1
 Stab: Sleeping          |     1 |     1 ||     2
  Eat: Chunk             |     6 |     3 ||     9
Armor: Leather armour    |    25 |    15 ||    40
       Ring mail         |       |    12 ||    12
Dodge: Dodged            |    82 |    58 ||   140
